Cogmind - Beta 17 @@@ ROGUE MODE // 2026.07.18 @ 09:25:54 Player: naththebg Result: Core melted Performance ------------- Evolutions (8) 4000 Regions Visited (17) 3400 Robots Destroyed (385) 1925 Value Destroyed (18206) 18206 Prototype IDs (49) 980 Alien Tech Used (0) 0 Bonus (35805) 35805 TOTAL SCORE: 64316 Bonus ------- Scavenger 6000 High Alert Combat Kills 4835 Follower Combat Kills 1888 Prayed to X0-1V1 5000 Major X0-1V1 Interference 12700 Subatomizer Sterilization 3000 Network Hubs Disabled 400 Met R17 at Cetus 500 Met R17 at Research 2000 Friendly Fire -518 Cogmind --------- Core Integrity 0/1120 Matter 131/700 Energy 493/521 System Corruption 1% Temperature Critical (5771) Movement Walking (100) Location -2/Research Parts ------- > --- POWER (2) -------- Quantum-Antimatter Reactor > --- PROPULSION (7) --- Shield-Biometal Exoskeleton > --- UTILITY (10) ----- Armored Scrap Engine Experimental Power Amplifier Advanced Heat Sink Advanced Heat Sink Large Storage Unit Improved Particle Charger Advanced Phase Shifter Experimental EM Shield (fused) X0-1V1's Piety Tracker > --- WEAPON (4) ------- Rapid Ballistic Linear Construct/C Hpw. Ballistic Hardcell Construct/C > --- INVENTORY (15) --- Light Antimatter Reactor Enhanced Armored Leg Quantum Capacitor Advanced Force Booster Experimental Reaction Control System Experimental Thermal Shield Long-range Tractor Beam Fusion Bomb Launcher Improved Plasma Cutter Peak State ------------ > --- POWER ------------ Quantum-Antimatter Reactor > --- PROPULSION ------- Improved Thunder Leg Shield-Biometal Exoskeleton > --- UTILITY ---------- Armored Scrap Engine Advanced Heat Sink Advanced Heat Sink Large Storage Unit Experimental Energy Well Advanced Phase Shifter Experimental EM Shield Improved Force Field X0-1V1's Piety Tracker > --- WEAPON ----------- Rapid Ballistic Linear Construct/C Hpw. Laser Nova Construct/G Hpw. Ballistic Hardcell Construct/C > --- INVENTORY -------- Light Antimatter Reactor Enhanced Armored Leg Experimental Power Amplifier Advanced Heat Sink Advanced Heat Sink Advanced Heat Sink Quantum Capacitor Advanced Thermal Shield Experimental Thermal Shield Long-range Tractor Beam Fusion Bomb Launcher Improved Plasma Cutter [Rating: 190] Favorites ----------- Power Constructs Engine Deuterium Engine Reactor Constructs Propulsion Constructs Treads Advanced Treads Leg Constructs Flight Unit Improved VTOL Module Utility X0-1V1's Piety Tracker Device X0-1V1's Piety Tracker Storage Large Storage Unit Processor Targeting Computer Protection Improved Medium Armor Plating Weapon Constructs Energy Gun Constructs Energy Cannon Constructs Ballistic Gun Shotgun Ballistic Cannon Constructs Launcher Grenade Launcher Special Weapon Welding Torch Impact Weapon Makeshift Hammer Slashing Weapon Nanosword Build | -11 -10 -10 -8 -8 -8 -6 -6 -6 -5 -5 -5 -5 -5 -4 -3 -3 -2 ------- Run | Yrd Mat Sub Mat Sto Rec Fac Was Fac Fac Ext Cet Arc Hub Fac Res Tes Res Slots Evolved 15 | . . . 4 . . 4 . . 2 . . . . 2 2 . 1 Power 1 | . . . . . . . . . . . . . . 1 . . . Propulsion 4 | . . . 1 . . 2 . . 1 . . . . . . . . Utility 9 | . . . 2 . . 2 . . 1 . . . . 1 2 . 1 Weapon 1 | . . . 1 . . . . . . . . . . . . . . Parts Attached 128 | 6 11 3 18 11 4 12 2 1 . 4 3 1 10 11 11 11 9 Power 6 | 1 1 1 2 . 1 . . . . . . . . . . . . Engine 6 | 1 1 1 2 . 1 . . . . . . . . . . . . Core . | . . . . . . . . . . . . . . . . . . Reactor . | . . . . . . . . . . . . . . . . . . Propulsion 22 | 2 4 . 4 7 . . . . . . . 1 3 . . . 1 Treads 7 | . . . 3 3 . . . . . . . 1 . . . . . Leg 14 | 2 4 . 1 3 . . . . . . . . 3 . . . 1 Wheel . | . . . . . . . . . . . . . . . . . . Hover . | . . . . . . . . . . . . . . . . . . Flight 1 | . . . . 1 . . . . . . . . . . . . . Utility 79 | 1 3 . 7 1 3 12 2 1 . 2 3 . 6 11 8 11 8 Device 54 | . 1 . 3 1 2 8 2 1 . . 1 . 5 5 7 10 8 Storage 7 | 1 1 . 2 . . 1 . . . . . . . 1 . 1 . Processor 2 | . 1 . . . . . . . . . . . 1 . . . . Hackware . | . . . . . . . . . . . . . . . . . . Protection 16 | . . . 2 . 1 3 . . . 2 2 . . 5 1 . . Artifact . | . . . . . . . . . . . . . . . . . . Weapon 21 | 2 3 2 5 3 . . . . . 2 . . 1 . 3 . . Energy Gun 2 | . . . 1 1 . . . . . . . . . . . . . Energy Cannon 3 | . . . . 1 . . . . . . . . 1 . 1 . . Ballistic Gun 7 | 2 2 1 1 . . . . . . . . . . . 1 . . Ballistic Cannon 4 | . . . 3 1 . . . . . . . . . . . . . Launcher 3 | . . 1 . . . . . . . 1 . . . . 1 . . Special Weapon 1 | . 1 . . . . . . . . . . . . . . . . Impact Weapon . | . . . . . . . . . . . . . . . . . . Slashing Weapon 1 | . . . . . . . . . . 1 . . . . . . . Piercing Weapon . | . . . . . . . . . . . . . . . . . . Special Melee Weapon . | . . . . . . . . . . . . . . . . . . Unidentified Prototypes 24 | . 1 . 2 2 1 2 . . . 2 1 . 5 1 2 2 3 Parts Lost 43 | . . 1 4 2 1 1 . 4 . 1 1 . 7 7 1 3 10 Power 1 | . . 1 . . . . . . . . . . . . . . . Propulsion 3 | . . . . 1 . . . 1 . . . . . . . . 1 Utility 23 | . . . 2 1 . 1 . 3 . . 1 . 4 3 1 2 5 Weapon 16 | . . . 2 . 1 . . . . 1 . . 3 4 . 1 4 Highest Loss Streak 3 | . . 1 2 2 1 1 . 1 . 1 1 . 2 2 1 2 3 To Critical Strikes . | . . . . . . . . . . . . . . . . . . Average Backups 11 | 4 8 9 16 22 13 10 12 12 11 12 13 14 7 3 9 12 10 Power 1 | 1 . . 2 4 2 1 1 1 1 1 1 1 . . . 1 1 Propulsion 2 | 2 4 4 5 8 3 . . . . . . . . . 1 1 1 Utility 4 | . . 1 . . 4 9 10 8 7 8 9 9 4 1 5 7 6 Weapon 2 | . 2 4 7 9 3 . 1 2 3 2 3 4 2 1 1 2 1 Tool/Special . | . . . . . . . . . . . . . . . . . . Unused Backups 48 | . 3 . 4 4 10 5 1 2 . . 1 . 8 1 . . 9 Power 3 | . . . . . 2 . . . . . . . . . . . 1 Propulsion 8 | . 2 . 1 . 3 1 . . . . . . . . . . 1 Utility 15 | . . . . . . 2 1 2 . . 1 . 6 . . . 3 Weapon 21 | . 1 . 3 4 5 2 . . . . . . 2 1 . . 3 Tool/Special 1 | . . . . . . . . . . . . . . . . . 1 Average Slot Usage (%) 69 | . 96 89 96 93 79 58 59 62 58 57 57 58 58 61 60 54 54 Engine 3 | . 14 4 9 9 8 2 . . . . . . . . . . . Reactor 2 | . . . . . . 2 6 3 5 5 5 5 4 5 4 4 3 Treads 5 | . . . 25 25 16 . 1 . . . . . . . . . 2 Leg 5 | . 27 28 . 1 2 3 3 2 5 4 5 5 7 4 . . 1 Device 19 | . . 14 13 20 19 20 25 22 17 17 16 17 17 22 25 26 30 Storage 6 | . 14 14 9 9 9 6 6 6 5 5 5 5 2 . 4 4 5 Protection 3 | . . . 10 . 3 4 . 3 5 5 5 5 5 6 4 2 . Energy Gun 1 | . . . 2 . . . . 2 5 5 2 5 3 2 3 . 1 Energy Cannon 3 | . . . . 5 5 4 10 5 . 1 5 5 2 2 7 11 2 Ballistic Gun 4 | . 27 27 9 . . 1 . 1 . . 8 5 4 6 . . . Ballistic Cannon 7 | . . . 14 21 14 5 1 5 11 8 . . 3 6 6 . 4 Peak Build Rating 190 | 6 24 24 48 55 64 104 111 114 107 110 112 117 134 146 167 157 190 Average Rating 92 | 4 11 23 39 51 52 85 107 103 107 106 107 112 114 133 155 149 158 On Entrance 84 | . 6 24 24 48 55 64 91 111 107 107 102 112 113 116 140 157 152 Avg Prop Armor Cover (%) 6 | . . . . . . . . . . . . . 3 6 . . . Naked Turns . | . . . . . . . . . . . . . . . . . . Heaviest Build 140 | 14 20 22 119 119 110 112 69 83 80 80 85 80 80 98 140 133 124 Greatest Support 280 | 20 26 26 60 66 66 76 92 172 172 172 182 182 242 203 280 214 224 Greatest Overweight (x) 5 | . . . 1 4 5 3 1 . . . . . . 1 . . . Average Overweight (x) . | . . . . 1 1 . . . . . . . . . . . . Largest Inventory Capacity 25 | 8 10 10 25 25 25 25 15 15 15 15 15 15 15 15 15 15 15 Average Capacity 15 | 6 8 10 18 25 25 17 15 15 15 15 15 15 8 5 15 15 15 Most Carried 25 | 6 9 10 25 25 25 15 15 15 13 15 15 15 15 7 12 15 15 Average Carried 12 | 4 8 9 16 24 15 12 14 14 13 14 14 15 8 5 10 12 11 Final Capacity 25 | 8 10 10 25 25 25 15 15 15 15 15 15 15 5 15 15 15 15 Final Carried 25 | 6 9 10 24 25 11 15 15 13 13 15 15 15 5 7 12 15 10 Scrap Engine Consumption 226 | . . . . . 32 29 8 14 1 31 16 4 18 20 17 . 36 Constructs Created 16 | . . . . . 4 . . 1 . . 1 . 2 6 . . 2 Constructs Modified 195 | . . . . . 5 33 16 34 . 10 6 3 17 36 21 . 14 Class Distribution -------------------- 27% | Construct 19% | Scavenger-Construct 14% | Mutant 12% | Tank 11% | Commander-Construct 7% | Scavenger-Mutant 7% | Gunner Dominant Class ---------------- Mutant | -10/Materials Mutant | -10/Subcaves Tank | -8/Materials Gunner | -8/Storage Tank | -8/Recycling Construct | -6/Factory Construct | -6/Waste Construct | -6/Factory Construct | -5/Factory Commander-Construct | -5/Extension Commander-Construct | -5/Cetus Construct | -5/Archives Construct | -5/Hub_04(d) Scavenger-Construct | -4/Factory Scavenger-Construct | -3/Research Scavenger-Construct | -3/Testing Scavenger-Mutant | -2/Research Resources | -11 -10 -10 -8 -8 -8 -6 -6 -6 -5 -5 -5 -5 -5 -4 -3 -3 -2 ----------- Run | Yrd Mat Sub Mat Sto Rec Fac Was Fac Fac Ext Cet Arc Hub Fac Res Tes Res Matter Collected 11625 | 238 581 141 1099 987 1250 793 16 888 15 249 566 189 819 614 1499 678 1003 Remotely . | . . . . . . . . . . . . . . . . . . Salvage Created 19899 | . 750 141 1088 955 717 917 380 2871 268 2905 240 534 2594 1584 1274 874 1807 Parts 891 | . 59 8 67 49 29 43 4 113 12 146 13 24 115 61 53 41 54 Haulers Intercepted 17 | . 2 . 4 3 . . . 2 1 1 . . . 2 1 1 . Recyclers Shooed 17 | . 5 . 3 4 . 1 . . . 1 . . 1 . . 1 1 Parts Field Recycled . | . . . . . . . . . . . . . . . . . . Retrieved Matter . | . . . . . . . . . . . . . . . . . . Parts Self-Destructed 4 | . . 4 . . . . . . . . . . . . . . . Prevented . | . . . . . . . . . . . . . . . . . . Parts Restored . | . . . . . . . . . . . . . . . . . . Kills | -11 -10 -10 -8 -8 -8 -6 -6 -6 -5 -5 -5 -5 -5 -4 -3 -3 -2 ------- Run | Yrd Mat Sub Mat Sto Rec Fac Was Fac Fac Ext Cet Arc Hub Fac Res Tes Res Combat Hostiles Destroyed 283 | . 16 4 19 15 17 13 . 42 2 38 3 4 32 24 15 16 23 Melee 1 | . . . . . . . . . . . . . 1 . . . . Guns 60 | . 16 4 5 . . . . . . 7 . . 13 10 5 . . Cannons 198 | . . . 11 15 17 12 . 35 2 31 3 3 18 9 9 15 18 AOE 10 | . . . 3 . . 1 . 3 . . . 1 . 2 . . . Classes Destroyed 23 | . 8 1 6 3 . 1 . 3 . . . . . . 1 . . Worker 10 | . 1 . 1 2 . 1 . 1 . . . . 2 . 1 . 1 Builder 12 | . 1 . 1 1 . . . 1 . 1 . . 1 2 1 . 3 Tunneler 5 | . 1 . . . . . . 2 1 . . . 1 . . . . Hauler 17 | . 2 . 4 3 . . . 2 1 1 . . . 2 1 1 . Recycler 28 | . 2 . 2 6 1 4 . 3 . 2 . . 1 . 2 . 5 Mechanic 2 | . . . 1 . . . . . . 1 . . . . . . . Operator 6 | . . . 2 . . 1 . . 1 . . 2 . . . . . Drone 2 | . . . . 1 . . . . . . . . . . . . 1 Watcher 18 | . 1 . 1 1 . 1 . 2 . 2 . . 2 2 1 . 5 Swarmer 39 | . 6 . . 3 . 4 . 10 . 8 . . . 7 1 . . Cutter 2 | . . . . . . . . 1 . . . . 1 . . . . Grunt 100 | . 10 . 8 4 9 3 . 16 . 12 . . 15 7 8 3 5 Brawler 5 | . . . . . . . . 1 . 2 . . . . . . 2 Duelist 5 | . . . . 1 . . . 1 . . . . 1 1 . . 1 Protector 3 | . . . . . . . . 1 . . . . 1 1 . . . Sentry 50 | . . . 7 5 3 2 . 3 2 10 . 4 5 4 2 1 2 Demolisher 2 | . . . . 1 . . . . . 1 . . . . . . . Specialist 7 | . . . 2 . . . . 2 . 1 . . . . . . 2 Hunter 16 | . . . 1 . . . . 2 . 3 . . . 2 4 . 4 Programmer 31 | . . . . . . 4 . 4 . 1 . . 2 3 . 11 6 Heavy 3 | . . . 1 . . . . 1 . . . . . 1 . . . Behemoth 1 | . . . . . . . . . . . . . . . 1 . . Cetus Guard 3 | . . . . . . . . . . . 3 . . . . . . Lightning 7 | . . . . . . . . . . . . . 7 . . . . Protovariant L 1 | . . . . . . . . . . . . . . . . 1 . Subdweller 9 | . . 4 . . 5 . . . . . . . . . . . . Thug 3 | . . . . . . . . . . . . 1 2 . . . . Best Kill Streak 10 | . 4 2 9 5 3 3 . 10 3 9 2 6 7 5 4 5 6 Combat Bots Only 10 | . 4 2 8 4 3 3 . 10 1 8 2 4 7 5 4 5 5 Max Kills in Single Turn 3 | . 1 1 2 2 2 2 . 1 2 2 1 2 3 1 2 1 1 Gunslinging . | . . . . . . . . . . . . . . . . . . Exploded 1 | . . . 1 . . 1 . 1 . . . 1 . 1 . . . Melee 1 | . . . . . . . . . . . . . 1 . . . . Uniques/NPCs Destroyed . | . . . . . . . . . . . . . . . . . . Combat | -11 -10 -10 -8 -8 -8 -6 -6 -6 -5 -5 -5 -5 -5 -4 -3 -3 -2 -------- Run | Yrd Mat Sub Mat Sto Rec Fac Was Fac Fac Ext Cet Arc Hub Fac Res Tes Res Hostile Shots Fired 1783 | . 47 19 102 99 42 98 . 183 8 103 24 14 188 176 154 205 321 Missed 624 | . 16 3 41 35 8 39 . 78 3 33 8 1 35 66 78 69 111 Hits 1159 | . 31 16 61 64 34 59 . 105 5 70 16 13 153 110 76 136 210 Melee 39 | . . . . 14 . . . . . . . . 5 1 . 8 11 Projectile 1120 | . 31 16 61 50 34 59 . 105 5 70 16 13 148 109 76 128 199 AOE 4 | . . . . 4 . . . . . . . . . . . . . Critical Strikes 72 | . . 2 6 1 3 . . 2 . 5 4 . 25 2 6 9 7 Part Disruptions 1 | . . . . . . . . . . . . . 1 . . . . Damage Taken 21165 | . 312 423 972 653 624 1062 . 1803 165 1348 436 355 4740 2485 676 1243 3868 Core 2745 | . 36 136 149 63 105 111 . 117 . 125 49 . 344 136 51 148 1175 Absorbed by Shields 2368 | . . . . . . . . . . . . . . . 706 900 762 Reduced by Siege Mode 239 | . . . . . . . . . . . . . 231 8 . . . Ignored by Resistances 3131 | . . . 129 3 . . . . . . . . 686 . 80 1372 861 Regen/Repaired (Parts) 8255 | . 144 . . . 130 625 137 781 . 948 507 . 1987 1166 445 . 1385 Core Remaining (%) 69 | 100 . 31 . . 70 . . 88 . . . . 34 83 . 79 . Volleys Fired 1032 | . 56 20 61 56 44 64 13 132 10 73 16 20 142 67 54 71 133 Largest 4 | . 2 2 3 3 3 1 1 3 3 3 3 1 4 4 4 3 2 Hottest 378 | . 46 46 120 148 148 129 136 214 226 235 225 65 209 204 378 323 152 Shots Fired 1945 | . 110 38 168 143 92 64 13 149 22 182 20 20 315 247 143 83 136 Gun 659 | . 107 36 79 . . . . 11 6 73 4 . 156 122 64 . 1 Cannon 1278 | . . . 86 143 92 64 13 138 16 109 16 20 159 125 79 83 135 Launcher 5 | . . 2 3 . . . . . . . . . . . . . . Special 3 | . 3 . . . . . . . . . . . . . . . . Kinetic 1102 | . 107 36 158 113 67 51 . 63 16 131 2 . 182 109 49 8 10 Thermal 720 | . 3 . . 30 25 13 13 69 6 51 18 20 122 89 94 68 99 Explosive 5 | . . 2 3 . . . . . . . . . . . . . . Electromagnetic 118 | . . . 7 . . . . 17 . . . . 11 49 . 7 27 Robot Hit Streak 48 | . 16 10 13 10 13 9 24 18 14 20 14 14 48 23 17 10 13 Robot Miss Streak 13 | . 6 3 6 4 5 13 1 6 2 4 2 2 3 4 3 2 5 Penetration Max 1 | . . . . . . 1 . . . 1 . . 1 1 1 . . Secondary Targets 3 | . 3 . . . . . . . . . . . . . . . . Max Gunslinging Chain 1 | . 1 . . . . . . . . . . . . . . . . Shots Hit Robots 1287 | . 73 34 102 88 49 51 13 98 11 124 18 20 221 149 93 58 85 Core Hits 709 | . 44 10 63 35 26 32 7 58 10 120 22 27 100 61 41 21 32 Critical Kills 12 | . . 1 . . . . . . . . . . . 4 7 . . Critical Parts Destroyed 10 | . 2 . . . . . . . . . . . 1 3 4 . . Critical Strikes 60 | . 2 1 5 2 2 . . . . . . . 2 25 15 1 5 Burn 11 | . . . . . . . . . . . . . . 5 1 . 5 Meltdown 3 | . . . . . . . . . . . . . . 3 . . . Destroy 19 | . 2 1 . . . . . . . . . . 1 4 11 . . Blast 21 | . . . 5 2 2 . . . . . . . . 9 3 . . Corrupt 6 | . . . . . . . . . . . . . 1 4 . 1 . Melee Attacks . | . . . . . . . . . . . . . . . . . . Impact . | . . . . . . . . . . . . . . . . . . Slashing . | . . . . . . . . . . . . . . . . . . Piercing . | . . . . . . . . . . . . . . . . . . Sneak Attacks . | . . . . . . . . . . . . . . . . . . Combat Hostiles . | . . . . . . . . . . . . . . . . . . Follow-up Attacks . | . . . . . . . . . . . . . . . . . . Damage Inflicted 56413 | . 1153 524 2518 2325 1459 2568 602 7709 1044 7355 1195 1501 7968 4859 2922 3070 7641 Guns 11604 | . 1118 524 893 . . . . 132 52 1469 57 . 3546 2394 1419 . . Cannons 41006 | . . . 1227 2303 1387 2456 602 6639 550 5815 1138 1220 3858 2328 1470 2876 7137 Explosions 3094 | . . . 389 . 66 112 . 927 413 . . 281 551 86 . 194 75 Melee . | . . . . . . . . . . . . . . . . . . Ramming 709 | . 35 . 9 22 6 . . 11 29 71 . . 13 51 33 . 429 Kinetic 24503 | . 1118 524 1976 1773 1118 1906 . 3088 550 5525 25 . 3932 1968 851 97 52 Thermal 25815 | . . . . 455 269 662 602 3163 465 1759 1170 1501 3304 1891 2038 2818 5718 Explosive 794 | . . . 389 . 66 . . 339 . . . . . . . . . Electromagnetic 4517 | . . . 144 . . . . 1108 . . . . 719 949 . 155 1442 Impact . | . . . . . . . . . . . . . . . . . . Slashing . | . . . . . . . . . . . . . . . . . . Piercing . | . . . . . . . . . . . . . . . . . . Entropic 75 | . . . . 75 . . . . . . . . . . . . . Highest Corruption 33 | . . 4 . . . . . 10 . 3 3 3 33 3 . 10 2 Average Corruption 6 | . . 3 . . . . . 5 . 1 3 3 16 3 . 9 1 Corruption Purged . | . . . . . . . . . . . . . . . . . . Corruption Blocked . | . . . . . . . . . . . . . . . . . . Effects 145 | . . 13 . . . . . 28 . 6 4 3 51 10 . 18 12 Message Errors 35 | . . 4 . . . . . 5 . 1 1 2 9 5 . 7 1 Matter Fused 34 | . . 2 . . . . . 3 . 2 1 . 15 1 . 4 6 Heat Flow Errors 18 | . . 3 . . . . . 3 . . 2 . 4 . . 4 2 Energy Discharges 16 | . . 1 . . . . . 5 . 1 . . 5 1 . 2 1 Parts Rejected 3 | . . . . . . . . 1 . . . . 1 . . 1 . Parts Fused 1 | . . . . . . . . . . 1 . . . . . . . Data Loss (minor) 17 | . . 3 . . . . . 7 . 1 . . 4 1 . . 1 Data Loss (major) 3 | . . . . . . . . 1 . . . . . 1 . . 1 Alerts 4 | . . . . . . . . . . . . 1 2 1 . . . Misdirections 1 | . . . . . . . . . . . . . 1 . . . . Weapon Failures 13 | . . . . . . . . 3 . . . . 10 . . . . Overload Shots . | . . . . . . . . . . . . . . . . . . Overflow Damage 2031 | . . . . 17 29 47 . 605 109 85 . 27 33 115 3 224 737 Projectiles 1688 | . . . . 17 11 47 . 552 . 80 . 27 10 57 3 179 705 Explosions 305 | . . . . . 18 . . 53 109 . . . 23 57 . 45 . Melee 38 | . . . . . . . . . . 5 . . . 1 . . 32 Knockbacks 147 | . . . 11 12 9 13 . 25 2 17 . . 37 15 2 1 3 Impact 6 | . . . . 1 . . . . . 1 . . . 1 . . 3 Kinetic 132 | . . . 11 11 8 12 . 24 2 15 . . 32 14 2 1 . Secondary 9 | . . . . . 1 1 . 1 . 1 . . 5 . . . . Self-Inflicted Damage 527 | . . 1 30 . 42 132 . 71 52 . . . 130 1 16 52 . Shots 12 | . . 1 2 . 1 2 . 1 1 . . . 2 . . 2 . Rammed 27 | . . . 2 3 1 . . . . 1 . . 1 1 1 . 17 Targets Rammed 47 | . 5 . 2 3 1 . . 1 2 8 . . 3 4 1 . 17 Kicked 19 | . 5 . . . . . . 1 2 7 . . 1 3 . . . Crushed 1 | . . . . . . . . . . . . . 1 . . . . Highest Temperature 5771 | . 4 234 221 33 323 291 272 229 177 298 283 . 529 372 279 348 5771 Average Temperature 234 | . 2 113 44 13 101 88 103 55 74 68 148 . 87 89 96 96 621 Received Heat Transfer 3078 | . 102 45 279 108 279 138 . 307 27 370 9 27 444 267 269 125 282 Effects 74 | . . . . . 2 . . 1 . . . . 1 . 1 . 69 Shutdowns 12 | . . . . . . . . . . . . . . . . . 12 Energy Bleed 17 | . . . . . 1 . . 1 . . . . . . 1 . 14 Interference 5 | . . . . . 1 . . . . . . . . . . . 4 Matter Decay 8 | . . . . . . . . . . . . . . . . . 8 Damage (minor) 8 | . . . . . . . . . . . . . . . . . 8 Damage (major) 17 | . . . . . . . . . . . . . . . . . 17 Damage (core) 7 | . . . . . . . . . . . . . 1 . . . 6 Siege Activations 2 | . . . . . . . . . . . . . 1 1 . . . Total Turns 123 | . . . . . . . . . . . . . 108 15 . . . Longest Duration 108 | . . . . . . . . . . . . . 108 15 . . . Martial Activations . | . . . . . . . . . . . . . . . . . . Shielding Activations . | . . . . . . . . . . . . . . . . . . Robots Disrupted 1 | . . . . . . . . . . . . . . . 1 . . Combat Hostiles 1 | . . . . . . . . . . . . . . . 1 . . Robots Corrupted 14 | . . . . . . . . 4 . 1 . . 1 2 . 1 5 Combat Hostiles 10 | . . . . . . . . 4 . . . . . 1 . 1 4 Parts Fried 45 | . . . . . . . . 20 . 3 . . 7 2 . 2 11 Impact Corruptions 5 | . . . . . . . . . . 1 . . . 1 . . 3 Robots Melted 6 | . . . . . . . . . . . . . . 3 1 . 2 Combat Hostiles 5 | . . . . . . . . . . . . . . 2 1 . 2 Parts Melted 19 | . . . . . . 3 . 1 . 4 . . 2 5 . . 4 Heat Transferred 14321 | . . . . 814 481 927 . 700 350 950 50 200 2830 1712 1782 100 3425 Parts Sabotaged 8 | . . . . . . . . . . . . . . . . . 8 Parts Stolen 1 | . . . . 1 . . . . . . . . . . . . . Parts Stripped . | . . . . . . . . . . . . . . . . . . Power Chain Reactions 7 | . . . . . . . . 1 . . . 1 1 . . 3 1 Alert | -11 -10 -10 -8 -8 -8 -6 -6 -6 -5 -5 -5 -5 -5 -4 -3 -3 -2 ------- Run | Yrd Mat Sub Mat Sto Rec Fac Was Fac Fac Ext Cet Arc Hub Fac Res Tes Res Maximum Alert Level 5 | . . . 1 2 1 2 1 4 3 5 4 2 4 3 3 3 4 Low Security (%) 30 | 100 100 . 49 42 54 46 96 14 . . . . 32 . . . . Level 1 18 | . . . 50 12 45 34 3 19 . . . . 3 . . 13 15 Level 2 24 | . . . . 45 . 19 . 25 . 47 . 99 9 64 58 73 21 Level 3 19 | . . . . . . . . 20 100 32 87 . 31 35 41 13 44 Level 4 6 | . . . . . . . . 19 . 7 12 . 23 . . . 18 Level 5 . | . . . . . . . . . . 12 . . . . . . . High Security . | . . . . . . . . . . . . . . . . . . Max Security . | . . . . . . . . . . . . . . . . . . Sterilizations 1 | . . . . . . . . . . . . . . . . . 1 Peak Influence 1865 | . 126 . 342 483 258 590 203 1495 1030 1865 1126 476 1187 878 807 769 1524 Initial 1044 | . . . . 99 33 205 203 . 725 494 1044 415 154 581 455 407 414 Average 474 | . 30 . 154 281 134 242 80 652 943 904 1065 449 646 666 584 575 860 Influence Increases 14993 | . 483 . 700 740 728 1080 . 2078 395 2183 283 166 1585 1057 688 783 2044 Destroy 0b10 Robot/C 6220 | . 320 . 380 300 240 360 . 980 40 1060 160 80 620 480 300 320 580 Destroy 0b10 Robot/NC 545 | . 40 . 60 65 5 50 . 60 15 45 10 10 40 35 30 5 75 Destroy Leader 1272 | . 66 . 120 78 20 126 . 238 22 106 . . 134 116 74 60 112 Allied During Kill 1327 | . . . . . . 107 . 155 6 826 105 11 . 26 14 . 77 Successful Hack 189 | . 27 . 9 25 31 21 . 14 . . . . 9 19 7 27 . Select Force Hacks 30 | . . . . . 30 . . . . . . . . . . . . Disable Machine 1380 | . . . . 90 105 240 . 240 150 30 . 45 285 120 15 45 15 Anti-Garrison Action 200 | . . . . . . . . . . . . . . . 200 . . Destroy Structure 1315 | . . . 56 38 37 76 . 97 162 86 8 20 332 156 48 58 141 Advance Influence 100 | . . . . . . 100 . . . . . . . . . . . Partial Spotted 45 | . . . . . . . . 15 . . . . . . . . 30 Lose Combat Pursuer 810 | . 30 . 75 30 30 . . 75 . 30 . . 165 105 . . 270 Miscellaneous 1560 | . . . . 114 230 . . 204 . . . . . . . 268 744 Influence Decreases 13499 | . 460 23 464 891 563 749 581 598 865 1328 1109 764 839 1376 831 770 1288 Entered New Map 5388 | . . 12 . 137 52 145 378 . 755 516 821 624 287 606 413 318 324 Time Decay 6447 | . 445 11 425 434 501 574 203 498 110 522 198 60 482 510 368 422 684 Lost Part 419 | . . . 39 20 10 10 . 40 . 10 10 . 70 70 10 30 100 Lost Ally 780 | . . . . . . 20 . 60 . 280 80 80 . 40 40 . 180 Purge Threat 465 | . 15 . . 300 . . . . . . . . . 150 . . . Squads Dispatched 80 | . 3 . 3 . 2 8 . 14 . 6 . . 7 10 10 8 9 Investigation 16 | . 2 . 1 . 2 2 . 1 . 1 . . . . 6 . 1 Extermination 16 | . . . . . . 3 . 3 . . . . 1 3 . 3 3 Reinforcement 28 | . 1 . 2 . . 1 . 5 . 3 . . 5 3 4 3 1 Assault 14 | . . . . . . 2 . 2 . 2 . . . 4 . . 4 Garrison 6 | . . . . . . . . 3 . . . . 1 . . 2 . Intercept . | . . . . . . . . . . . . . . . . . . Searches Triggered . | . . . . . . . . . . . . . . . . . . Construction Impeded 4 | . . . . . . . . . . 1 . . 1 1 . . 1 Haulers Reinforced 1 | . . . . . . . . . . . . . . . 1 . . Active Scanning Responses . | . . . . . . . . . . . . . . . . . . Cargo Convoy Interrupts 1 | . . . . . . 1 . . . . . . . . . . . Stealth | -11 -10 -10 -8 -8 -8 -6 -6 -6 -5 -5 -5 -5 -5 -4 -3 -3 -2 --------- Run | Yrd Mat Sub Mat Sto Rec Fac Was Fac Fac Ext Cet Arc Hub Fac Res Tes Res Distress Signals 16 | . . . . 1 . 1 . 2 . 2 2 . 1 1 5 . 1 Communications Jammed . | . . . . . . . . . . . . . . . . . . Distress Signals . | . . . . . . . . . . . . . . . . . . Times Spotted 455 | . 25 4 30 21 17 20 . 64 2 56 10 8 47 39 26 26 60 Peak Tracking Total 15 | . 4 2 9 5 4 4 . 11 2 12 5 2 12 5 5 8 15 Tactical Retreats 26 | . 2 . 3 1 2 . . 3 . 2 . . 5 2 . . 6 Traps | -11 -10 -10 -8 -8 -8 -6 -6 -6 -5 -5 -5 -5 -5 -4 -3 -3 -2 ------- Run | Yrd Mat Sub Mat Sto Rec Fac Was Fac Fac Ext Cet Arc Hub Fac Res Tes Res Traps Triggered 23 | . 2 1 . . . 6 . 2 . 1 . . 1 1 1 . 8 Indirectly . | . . . . . . . . . . . . . . . . . . Trap Hack Attempts . | . . . . . . . . . . . . . . . . . . Triggered . | . . . . . . . . . . . . . . . . . . Disarmed . | . . . . . . . . . . . . . . . . . . Reprogrammed . | . . . . . . . . . . . . . . . . . . Reused . | . . . . . . . . . . . . . . . . . . Traps Extracted . | . . . . . . . . . . . . . . . . . . Installed . | . . . . . . . . . . . . . . . . . . Triggered . | . . . . . . . . . . . . . . . . . . Machines | -11 -10 -10 -8 -8 -8 -6 -6 -6 -5 -5 -5 -5 -5 -4 -3 -3 -2 ---------- Run | Yrd Mat Sub Mat Sto Rec Fac Was Fac Fac Ext Cet Arc Hub Fac Res Tes Res Machines Disabled 93 | . . . . 6 7 16 . 16 10 2 . 3 19 8 1 3 2 Max in Single Turn 11 | . . . . 1 1 8 . 5 6 1 . 1 11 2 1 1 1 Garrison Access 8 | . . . . . . 2 . 1 . . . . 1 . 1 . 3 Network Hub 2 | . . . . . . . . . . . . . 2 . . . . Energy Cycler 1 | . . . . . . . . . . 1 . . . . . . . Machines Repaired . | . . . . . . . . . . . . . . . . . . Machines Dismantled . | . . . . . . . . . . . . . . . . . . Machines Sabotaged . | . . . . . . . . . . . . . . . . . . Overloaded Fab Kills . | . . . . . . . . . . . . . . . . . . Hacking | -11 -10 -10 -8 -8 -8 -6 -6 -6 -5 -5 -5 -5 -5 -4 -3 -3 -2 --------- Run | Yrd Mat Sub Mat Sto Rec Fac Was Fac Fac Ext Cet Arc Hub Fac Res Tes Res Machines Accessed 79 | . 11 . 4 6 13 8 . 11 2 2 . . 5 6 6 2 3 Terminals 37 | . 8 . 2 6 4 2 . 3 1 1 . . 4 2 4 . . Fabricators 7 | . . . . . . 2 . 2 . . . . . 1 . 1 1 Repair Stations 3 | . 1 . . . . . . 2 . . . . . . . . . Recycling Units 21 | . 2 . 1 . 8 2 . 2 1 1 . . . 3 . . 1 Scanalyzers 2 | . . . 1 . . . . . . . . . . . . . 1 Garrison Access 8 | . . . . . . 2 . 2 . . . . 1 . 2 1 . Total Hacks 207 | . 34 . 20 18 34 18 . 23 3 4 . . 12 18 14 4 5 Successful 99 | . 23 . 11 11 24 5 . 6 . 2 . . 5 6 4 1 1 Failed 108 | . 11 . 9 7 10 13 . 17 3 2 . . 7 12 10 3 4 Catastrophic 22 | . 2 . . . . 1 . 4 . 1 . . 2 4 5 1 2 Database Lockouts . | . . . . . . . . . . . . . . . . . . Manual 47 | . 12 . 1 2 12 2 . 5 . 1 . . 3 7 2 . . Terminals 106 | . 25 . 8 18 12 5 . 5 2 2 . . 9 8 12 . . Fabricators 14 | . . . . . . 3 . 5 . . . . . 3 . 1 2 Repair Stations 11 | . 5 . . . . . . 6 . . . . . . . . . Recycling Units 46 | . 4 . 3 . 20 3 . 4 1 2 . . . 7 . . 2 Scanalyzers 10 | . . . 9 . . . . . . . . . . . . . 1 Garrison Access 18 | . . . . . . 7 . 3 . . . . 3 . 2 3 . Terminal Hacks 44 | . 13 . 1 10 8 2 . 1 . 1 . . 3 2 3 . . Robot Analysis 1 | . . . . . 1 . . . . . . . . . . . . Prototype ID Bank 10 | . 4 . . 2 3 1 . . . . . . . . . . . Open Door 3 | . . . . 3 . . . . . . . . . . . . . Open DSF 2 | . . . . . . . . 1 . . . . . . 1 . . Branch Access Points 4 | . . . 1 1 . 1 . . . . . . . . 1 . . Emergency Access Points 1 | . 1 . . . . . . . . . . . . . . . . Terminal Index 2 | . 1 . . . . . . . . . . . 1 . . . . Alert Level 11 | . 3 . . 2 1 . . . . 1 . . 2 1 1 . . Unreport Threat 4 | . 1 . . 2 . . . . . . . . . 1 . . . Locate Traps 1 | . 1 . . . . . . . . . . . . . . . . Zone Layout 3 | . 2 . . . 1 . . . . . . . . . . . . Release Object 2 | . . . . . 2 . . . . . . . . . . . . Fabricator Hacks 4 | . . . . . . 1 . . . . . . . 1 . 1 1 Network Status 3 | . . . . . . 1 . . . . . . . 1 . . 1 Build 1 | . . . . . . . . . . . . . . . . 1 . Repair Station Hacks 6 | . 4 . . . . . . 2 . . . . . . . . . Scan Component 3 | . 2 . . . . . . 1 . . . . . . . . . Repair 3 | . 2 . . . . . . 1 . . . . . . . . . Recycling Unit Hacks 15 | . 3 . 1 . 8 . . 1 . 1 . . . 1 . . . Retrieve Matter 1 | . 1 . . . . . . . . . . . . . . . . Retrieve Components 14 | . 2 . 1 . 8 . . 1 . 1 . . . 1 . . . Scanalyzer 8 | . . . 8 . . . . . . . . . . . . . . Retrieve Study 8 | . . . 8 . . . . . . . . . . . . . . Garrison Access Hacks 4 | . . . . . . 2 . 1 . . . . 1 . . . . Seal Access 4 | . . . . . . 2 . 1 . . . . 1 . . . . Unauthorized Hacks 18 | . 3 . 1 1 8 . . 1 . . . . 1 2 1 . . Terminals 8 | . 3 . . 1 2 . . . . . . . 1 1 . . . Botnet 7 | . 2 . . 1 2 . . . . . . . 1 1 . . . Disrupt 1 | . 1 . . . . . . . . . . . . . . . . Fabricators 2 | . . . . . . . . 1 . . . . . 1 . . . Report 2 | . . . . . . . . 1 . . . . . 1 . . . Repair Stations . | . . . . . . . . . . . . . . . . . . Recycling Units 7 | . . . 1 . 6 . . . . . . . . . . . . Reject 4 | . . . 1 . 3 . . . . . . . . . . . . Mask 2 | . . . . . 2 . . . . . . . . . . . . Tunnel 1 | . . . . . 1 . . . . . . . . . . . . Scanalyzers . | . . . . . . . . . . . . . . . . . . Garrison Access 1 | . . . . . . . . . . . . . . . 1 . . Jam 1 | . . . . . . . . . . . . . . . 1 . . Data Cores Recovered 3 | . . . 2 . . . . . . . . . 1 . . . . Used . | . . . . . . . . . . . . . . . . . . Hacking Detections 65 | . 10 . 3 5 6 8 . 10 2 2 . . 5 6 3 2 3 Full Trace Events 5 | . 2 . 1 . 1 . . 1 . . . . . . . . . Feedback Events 1 | . . . . . . . . 1 . . . . . . . . . Corruption 1 | . . . . . . . . 1 . . . . . . . . . Feedback Blocked . | . . . . . . . . . . . . . . . . . . Robot Schematics Acquired . | . . . . . . . . . . . . . . . . . . Robots Built . | . . . . . . . . . . . . . . . . . . Authchips . | . . . . . . . . . . . . . . . . . . Time . | . . . . . . . . . . . . . . . . . . Total Robot Build Rating . | . . . . . . . . . . . . . . . . . . Part Schematics Acquired . | . . . . . . . . . . . . . . . . . . Parts Built 2 | . . . . . . . . . . . . . . . . 2 . Authchips . | . . . . . . . . . . . . . . . . . . Time 46 | . . . . . . . . . . . . . . . . 46 . Total Part Build Rating 18 | . . . . . . . . . . . . . . . . 18 . Part Studies Acquired 8 | . . . 8 . . . . . . . . . . . . . . Parts Repaired 3 | . 2 . . . . . . 1 . . . . . . . . . Time 102 | . 64 . . . . . . 38 . . . . . . . . . Parts Recycled . | . . . . . . . . . . . . . . . . . . Recycled Matter . | . . . . . . . . . . . . . . . . . . Retrieved Matter 200 | . 200 . . . . . . . . . . . . . . . . Retrieved Components 71 | . 18 . 4 . 36 . . 2 . 9 . . . 2 . . . Parts Scanalyzed . | . . . . . . . . . . . . . . . . . . Part Schematics Acquired . | . . . . . . . . . . . . . . . . . . Parts Damaged . | . . . . . . . . . . . . . . . . . . Bothacking | -11 -10 -10 -8 -8 -8 -6 -6 -6 -5 -5 -5 -5 -5 -4 -3 -3 -2 ------------ Run | Yrd Mat Sub Mat Sto Rec Fac Was Fac Fac Ext Cet Arc Hub Fac Res Tes Res Used RIF Installer . | . . . . . . . . . . . . . . . . . . Robots Hacked . | . . . . . . . . . . . . . . . . . . Non-combat . | . . . . . . . . . . . . . . . . . . Combat . | . . . . . . . . . . . . . . . . . . Robot Hacks Applied . | . . . . . . . . . . . . . . . . . . Relay Couplers Released 9 | . . . . . . . . 4 . . . . . . . . 5 Machine Destruction 5 | . . . . . . . . . . . . . . . . . 5 Programmers 4 | . . . . . . . . 4 . . . . . . . . . Fabnet Peak Effective % . | . . . . . . . . . . . . . . . . . . Robots Rewired 24 | . . . . . . . . . . 24 . . . . . . . Allies Hacked 2 | . . . . . . . . 1 . . . . . . . . 1 Hacks Repelled . | . . . . . . . . . . . . . . . . . . Allies | -11 -10 -10 -8 -8 -8 -6 -6 -6 -5 -5 -5 -5 -5 -4 -3 -3 -2 -------- Run | Yrd Mat Sub Mat Sto Rec Fac Was Fac Fac Ext Cet Arc Hub Fac Res Tes Res Total Allies 48 | . . . . . . 4 . 3 . 25 . . . 4 3 . 9 Largest Group 19 | . . . . . . 4 3 3 1 19 10 5 . 4 3 . 5 Highest-Rated Group 558 | . . . . . . 184 124 147 43 558 272 120 . 120 90 . 437 Highest-Rated Ally 89 | . . . . . . 46 46 49 43 43 43 34 . 30 30 . 89 Total Orders 4 | . . . . . . 2 . . . . 2 . . . . . . STAY 2 | . . . . . . 1 . . . . 1 . . . . . . FOLLOW 2 | . . . . . . 1 . . . . 1 . . . . . . Ally Attacks 383 | . . . . . . 62 . 48 . 125 31 10 . 26 10 . 71 Total Damage 7167 | . . . . . . 753 . 1436 . 2139 629 202 . 447 160 . 1401 Kills 49 | . . . . . . 8 . 8 . 18 8 . . 1 . . 6 Allies Corrupted 1 | . . . . . . . . . . . . . . . . . 1 Allies Melted 2 | . . . . . . . . . . 1 . . . 1 . . . X0-1V1 Amusement Gains 452 | . 9 10 30 . 5 60 . . 5 60 . . 84 34 55 20 80 Good Acts 125 | . . 2 4 9 8 11 2 11 . 6 2 . 15 19 5 6 25 Bad Acts 73 | . . 4 5 3 13 3 . 11 1 5 . . 1 3 6 8 10 Intel | -11 -10 -10 -8 -8 -8 -6 -6 -6 -5 -5 -5 -5 -5 -4 -3 -3 -2 ------- Run | Yrd Mat Sub Mat Sto Rec Fac Was Fac Fac Ext Cet Arc Hub Fac Res Tes Res Active Infowar (turns) . | . . . . . . . . . . . . . . . . . . Robot Analysis Total 1 | . . . . . 1 . . . . . . . . . . . . Derelict Logs Recovered 1 | . . 1 . . . . . . . . . . . . . . . Drone Launches . | . . . . . . . . . . . . . . . . . . Drone Recoveries . | . . . . . . . . . . . . . . . . . . Exploration | -11 -10 -10 -8 -8 -8 -6 -6 -6 -5 -5 -5 -5 -5 -4 -3 -3 -2 ------------- Run | Yrd Mat Sub Mat Sto Rec Fac Was Fac Fac Ext Cet Arc Hub Fac Res Tes Res Turns Passed 20906 | 55 1464 719 1579 1078 2823 1751 535 1425 239 1445 413 139 1246 1394 843 1034 2724 Spaces Moved 12044 | 40 833 518 669 353 1019 948 331 1369 178 722 221 63 476 888 716 474 2226 Core 12 | 12 . . . . . . . . . . . . . . . . . Treads 3242 | . . . 635 334 650 . 48 49 . 68 . . 32 71 164 . 1191 Legs 5768 | 28 833 518 34 19 369 409 203 359 178 654 221 63 442 445 19 . 974 Wheels 275 | . . . . . . . . 153 . . . . . 122 . . . Hover 1998 | . . . . . . 539 80 61 . . . . . 250 533 474 61 Flight 749 | . . . . . . . . 747 . . . . 2 . . . . Fastest Speed 50 | 50 120 120 120 200 192 101 102 51 110 110 119 144 112 55 55 159 100 Average Speed 131 | 99 120 120 186 225 221 160 140 71 110 125 146 144 139 119 85 159 106 Slowest Speed 542 | 120 120 120 240 465 542 366 195 127 110 159 159 144 186 186 159 159 159 Overloaded Moves . | . . . . . . . . . . . . . . . . . . Propulsion Burnouts . | . . . . . . . . . . . . . . . . . . Robots Hopped 4 | . . . . . . . . 4 . . . . . . . . . Potential Cave-ins 1 | . . . . . . . . . . . . . 1 . . . . Cave-ins Triggered . | . . . . . . . . . . . . . . . . . . Exploration Rate (%) 51 | 3 97 44 39 54 99 31 92 45 8 87 67 72 43 26 20 32 70 Regions Visited 17 Branch Regions 8 Pre-discovered Areas 1 | . . . . . 1 . . . . . . . . . . . . Known Exits Taken 6 | . . 1 1 1 1 . . . . 1 . . . . 1 . . Unknown Exits Taken 9 | 1 1 . . . . . . 1 1 . 1 1 1 1 . 1 . Scrap Searched . | . . . . . . . . . . . . . . . . . . Spaces Dug 72 | . . . 3 . 4 . . 10 . 4 . . 19 9 . 4 19 Terrain Destroyed 943 | . . 12 62 33 32 82 . 93 107 47 1 11 258 98 24 32 51 Melee . | . . . . . . . . . . . . . . . . . . Projectile 424 | . . . 35 33 24 5 . 38 6 47 1 . 81 68 24 18 44 AOE 519 | . . 12 27 . 8 77 . 55 101 . . 11 177 30 . 14 7 Terrain Rammed . | . . . . . . . . . . . . . . . . . . Walls Destroyed . | . . . . . . . . . . . . . . . . . . Machines Disabled . | . . . . . . . . . . . . . . . . . . Actions | -11 -10 -10 -8 -8 -8 -6 -6 -6 -5 -5 -5 -5 -5 -4 -3 -3 -2 --------- Run | Yrd Mat Sub Mat Sto Rec Fac Was Fac Fac Ext Cet Arc Hub Fac Res Tes Res Total 15479 | 54 1187 576 866 525 1520 1111 390 1672 204 1119 295 91 799 1088 837 682 2463 Wait 1695 | . 257 29 71 78 398 63 34 164 15 69 50 7 153 107 31 116 53 Move 12020 | 39 832 517 668 352 1018 948 330 1360 177 721 220 62 475 887 715 473 2226 Hop 4 | . . . . . . . . 4 . . . . . . . . . Pick Up 111 | 9 7 1 27 10 9 11 4 4 . 3 3 . 3 4 10 4 2 Fast Attach 77 | 3 10 1 6 5 2 4 1 2 . . 1 1 9 8 6 3 15 Attach 37 | 3 . . 5 5 6 . . 3 . 2 1 . 1 . 3 3 5 Detach 20 | . . . 1 2 8 1 . . . 2 . . 3 . 1 1 1 Swap 64 | . 6 2 12 3 3 10 1 . . 2 1 . 1 3 5 9 6 Drop 122 | . 14 . 13 11 31 8 5 2 . 3 3 1 9 8 7 2 5 Fire 1032 | . 56 20 61 56 44 64 13 132 10 73 16 20 142 67 54 71 133 Melee . | . . . . . . . . . . . . . . . . . . Ram 2 | . . . . . . . . . . . . . . 1 1 . . Kick 19 | . 5 . . . . . . 1 2 7 . . 1 3 . . . Crush 26 | . . . 2 3 1 . . . . 1 . . 2 . . . 17 Escape Stasis 8 | . . 6 . . . 2 . . . . . . . . . . . Rewire 236 | . . . . . . . 2 . . 230 . . . . 4 . . Trap . | . . . . . . . . . . . . . . . . . . Miscellaneous 6 | . . . . . . . . . . 6 . . . . . . . Route ------- -11/Scrapyard -10/Materials (discovered 6 exits: [*Mat x3] / [*Min x2] / [*Sub]) -10/Subcaves (discovered 2 exits: *Mat x2) -8/Materials (discovered 2 exits: *Fac / *Sto) -8/Storage (discovered 2 exits: Fac / *Rec) -8/Recycling -6/Factory (discovered 3 exits: *Fac / Low x2) -6/Waste -6/Factory (discovered 2 exits: *Fac x2) -5/Factory (discovered 2 exits: [*Upp] / *Ext) -5/Extension (discovered 3 exits: *Fac x2 / *Cet) -5/Cetus (discovered 2 exits: *Fac / [*Arc]) -5/Archives (discovered 2 exits: *Fac / *Hub) -5/Hub_04(d) (discovered 2 exits: *Fac x2) -4/Factory -3/Research (discovered 4 exits: *Res x2 / *Tes x2) -3/Testing -2/Research (discovered 3 exits: *Acc x2 / Qua) History --------- Turn | Location | Event 9 | -11/Scrapyard | Discovered new exit (range 15) 56 | -11/Scrapyard | Entered Materials 190 | -10/Materials | Discovered new exit (range 10) 313 | -10/Materials | Build established: Mutant 390 | -10/Materials | Discovered new exit (range 11) 549 | -10/Materials | Discovered new exit (range 15) 603 | -10/Materials | Discovered new exit (range 6) 1025 | -10/Materials | Discovered new exit (range 6) 1235 | -10/Materials | Repaired Shotgun 1269 | -10/Materials | Repaired Shotgun 1506 | -10/Materials | Discovered new exit (range 5) 1512 | -10/Materials | Prayed at D.C.S.S. Altar Unit 1520 | -10/Materials | Entered Subcaves 1525 | -10/Subcaves | Learned 2 Materials zone layouts 1969 | -10/Subcaves | Identified exit to Materials 1969 | -10/Subcaves | X0-1V1 revealed exit location to -8/Materials 2043 | -10/Subcaves | X0-1V1 revealed exit location to -8/Materials 2132 | -10/Subcaves | A swath of the cavern ceiling suddenly collapsed 2168 | -10/Subcaves | Core integrity fell below 50% 2239 | -10/Subcaves | Entered Materials 2239 | -8/Materials | Evolved 4 slots: Propulsion x1, Utility x2, Weapon x1 2571 | -8/Materials | Build established: Tank 2633 | -8/Materials | Identified exit to Storage 2895 | -8/Materials | X0-1V1 upgraded hostiles (x2) 3041 | -8/Materials | Ranged accuracy permanently improved by X0-1V1 (+5%; -50 max core) 3048 | -8/Materials | Destroyed 8 combat bots 3114 | -8/Materials | X0-1V1 activates XOMVISION 3526 | -8/Materials | X0-1V1 activates XOMVISION 3615 | -8/Materials | X0-1V1 announced a LAN party 3680 | -8/Materials | Discovered new exit (range 12) 3818 | -8/Materials | Entered Storage 3851 | -8/Storage | X0-1V1 sent you into danger 3865 | -8/Storage | X0-1V1 sent hostile D-53 Grenadier (x1) 3928 | -8/Storage | Matter capacity permanently improved by X0-1V1 (+400; -200 max core) 4068 | -8/Storage | Identified exit to Factory 4068 | -8/Storage | X0-1V1 revealed exit location to -7/Factory 4070 | -8/Storage | Identified exit to Recycling 4145 | -8/Storage | Build established: Gunner 4215 | -8/Storage | X0-1V1 added 0b10 threat records associated with you (minor) 4233 | -8/Storage | Missile Launcher reconfigured into Item Mimic 4887 | -8/Storage | Used back door to open Recycling access 4896 | -8/Storage | Entered Recycling 5042 | -8/Recycling | Identified exit to Factory 5042 | -8/Recycling | X0-1V1 revealed exit location to -6/Factory 5530 | -8/Recycling | Build established: Tank 5920 | -8/Recycling | Core integrity restored by X0-1V1 (+78) 5992 | -8/Recycling | X0-1V1 added 0b10 threat records associated with you (considerable) 6215 | -8/Recycling | Found Prototype Device 6215 | -8/Recycling | Identified Scrap Engine 6223 | -8/Recycling | Entered Scraplab 6386 | -8/Recycling | X0-1V1 sent hostile G-47 Trooper (x4) 6827 | -8/Recycling | Build established: Mutant 7182 | -8/Recycling | Build established: Construct 7719 | -8/Recycling | Entered Factory 7719 | -6/Factory | Evolved 4 slots: Propulsion x2, Utility x2 8317 | -6/Factory | X0-1V1 redirected Transport squads to designated parking area 8438 | -6/Factory | X0-1V1 sent you to a vault 8529 | -6/Factory | Spotted B-75 Beast 8547 | -6/Factory | Allies destroyed B-75 Beast 8697 | -6/Factory | Cargo convoy interrupted 8707 | -6/Factory | Discovered new exit (range 14) 8732 | -6/Factory | Build established: Commander-Construct 8939 | -6/Factory | X0-1V1 foreshadows a heat wave 9043 | -6/Factory | Ambient heat levels rising (+10) 9233 | -6/Factory | Ambient heat levels rising (+10) 9363 | -6/Factory | Build established: Construct 9379 | -6/Factory | X0-1V1 activates XOMVISION 9382 | -6/Factory | Melee accuracy permanently improved by X0-1V1 (+8%; -80 max core) 9410 | -6/Factory | Identified exit to Lower Caves 9445 | -6/Factory | Ambient heat levels falling (-10) 9469 | -6/Factory | First assault squad dispatched 9470 | -6/Factory | Sucked down chute 9470 | -6/Factory | Entered Waste 9470 | -6/Waste | The area was eerily silent 9515 | -6/Waste | 3 allies followed down the chute 9948 | -6/Waste | Discovered new exit (range 13) 10005 | -6/Waste | Entered Factory 10005 | -6/Factory | Accompanied by 3 allies 10070 | -6/Factory | Discovered new exit (range 8) 10449 | -6/Factory | Repaired Hrd. Medium Armor Plating 10572 | -6/Factory | X0-1V1 enhanced Transport squad support 10594 | -6/Factory | X0-1V1 vaporized surrounding terrain (radius 15) 10687 | -6/Factory | X0-1V1 activates XOMVISION 10694 | -6/Factory | X0-1V1 redirected Transport squads to designated parking area 10746 | -6/Factory | X0-1V1 announced a LAN party 10802 | -6/Factory | Spotted B-75 Beast 10806 | -6/Factory | X0-1V1 sent you to a vault 10830 | -6/Factory | X0-1V1 mutated your Propulsion slot to Weapon slot 10861 | -6/Factory | Core integrity restored by X0-1V1 (+88) 11055 | -6/Factory | First assault squad dispatched 11073 | -6/Factory | System corruption reached 10% 11180 | -6/Factory | Garrison activated, responded to threat 11185 | -6/Factory | Destroyed 10 combat bots 11196 | -6/Factory | X0-1V1 sent you into danger 11258 | -6/Factory | X0-1V1 added 0b10 threat records associated with you (considerable) 11379 | -6/Factory | Discovered new exit (range 16) 11430 | -6/Factory | Entered another Factory area 11430 | -5/Factory | Accompanied by 1 ally 11430 | -5/Factory | Evolved 2 slots: Propulsion x1, Utility x1 11449 | -5/Factory | Discovered new exit (range 8) 11557 | -5/Factory | X0-1V1 mutated your Utility slot to Propulsion slot 11641 | -5/Factory | Discovered new exit (range 15) 11669 | -5/Factory | Entered Extension 11669 | -5/Extension | Accompanied by 1 ally 12007 | -5/Extension | X0-1V1 rewrote EI-LC2(h) IFF filter 12095 | -5/Extension | Build established: Commander-Construct 12197 | -5/Extension | X0-1V1 destroyed Energy Cycler 12197 | -5/Extension | Energy Cycler disabled 12205 | -5/Extension | Rescued a captive Derelict 12206 | -5/Extension | Rescued a captive Derelict 12244 | -5/Extension | X0-1V1 sent you into danger 12335 | -5/Extension | Spotted B-75 Beast 12335 | -5/Extension | X0-1V1 sent you into danger 12368 | -5/Extension | Allies destroyed B-75 Beast 12395 | -5/Extension | Spotted B-75 Beast 12405 | -5/Extension | Allies destroyed B-75 Beast 12414 | -5/Extension | Discovered new exit (range 13) 12444 | -5/Extension | Extracted ID and sensor layout for unrecognized location from A7's data core 12570 | -5/Extension | Identified exit to Cetus 12570 | -5/Extension | X0-1V1 revealed exit location to -5/Cetus 12869 | -5/Extension | First assault squad dispatched 12975 | -5/Extension | Destroyed 8 combat bots 12985 | -5/Extension | Lost 9 allies 13053 | -5/Extension | Discovered new exit (range 10) 13114 | -5/Extension | Entered Cetus 13114 | -5/Cetus | Accompanied by 10 allies 13136 | -5/Cetus | Spotted Cetus Guard 13136 | -5/Cetus | Spotted Cetus Guard 13139 | -5/Cetus | Spotted Cetus Guard 13141 | -5/Cetus | Destroyed Cetus Guard 13144 | -5/Cetus | Spotted Cetus Guard 13147 | -5/Cetus | Allies destroyed Cetus Guard 13160 | -5/Cetus | Destroyed Cetus Guard 13162 | -5/Cetus | Allies destroyed Cetus Guard 13186 | -5/Cetus | Lost 3 allies 13225 | -5/Cetus | X0-1V1 activates XOMVISION 13336 | -5/Cetus | Discovered new exit (range 17) 13387 | -5/Cetus | Spotted Cetus Guard 13387 | -5/Cetus | Spotted Cetus Guard 13390 | -5/Cetus | Allies destroyed Cetus Guard 13390 | -5/Cetus | Spotted Cetus Guard 13390 | -5/Cetus | Spotted Cetus Guard 13394 | -5/Cetus | Allies destroyed Cetus Guard 13400 | -5/Cetus | Allies destroyed Cetus Guard 13407 | -5/Cetus | Destroyed Cetus Guard 13412 | -5/Cetus | Discovered new exit (range 18) 13423 | -5/Cetus | Met Revision 17 13527 | -5/Cetus | Entered Archives 13527 | -5/Archives | Accompanied by 5 allies 13608 | -5/Archives | Lost 5 allies 13623 | -5/Archives | Discovered new exit (range 15) 13643 | -5/Archives | Discovered new exit (range 15) 13666 | -5/Archives | Entered Hub_04(d) 13840 | -5/Hub_04(d) | Allied Derelicts emerged from ambush trap array 13860 | -5/Hub_04(d) | Build established: Construct 13912 | -5/Hub_04(d) | Found Prototype Launcher 13969 | -5/Hub_04(d) | Watched by a mysterious "MATRIX" hacker 14093 | -5/Hub_04(d) | X0-1V1 destroyed Network Hub 14093 | -5/Hub_04(d) | Network Hub disabled 14107 | -5/Hub_04(d) | Network Hub disabled 14151 | -5/Hub_04(d) | Spotted Lightning 14152 | -5/Hub_04(d) | Spotted Lightning 14155 | -5/Hub_04(d) | Spotted Lightning 14156 | -5/Hub_04(d) | Spotted Lightning 14165 | -5/Hub_04(d) | System corruption reached 10% 14208 | -5/Hub_04(d) | Destroyed Lightning 14208 | -5/Hub_04(d) | Destroyed Lightning 14214 | -5/Hub_04(d) | Destroyed Lightning 14227 | -5/Hub_04(d) | Destroyed Lightning 14235 | -5/Hub_04(d) | Found Prototype Device 14235 | -5/Hub_04(d) | Identified Exp. EM Shield 14241 | -5/Hub_04(d) | Found Prototype Processor 14241 | -5/Hub_04(d) | Identified Exp. Targeting Computer 14487 | -5/Hub_04(d) | Destroyed 7 combat bots 14489 | -5/Hub_04(d) | Discovered new exit (range 14) 14525 | -5/Hub_04(d) | Build established: Scavenger-Construct 14696 | -5/Hub_04(d) | Spotted Lightning 14696 | -5/Hub_04(d) | Spotted Lightning 14697 | -5/Hub_04(d) | Spotted Lightning 14758 | -5/Hub_04(d) | Core integrity fell below 50% 14758 | -5/Hub_04(d) | System corruption reached 30% 14759 | -5/Hub_04(d) | Destroyed Lightning 14801 | -5/Hub_04(d) | Destroyed Lightning 14822 | -5/Hub_04(d) | Destroyed Lightning 14834 | -5/Hub_04(d) | Found Prototype Energy Cannon 14834 | -5/Hub_04(d) | Identified EMDS 14851 | -5/Hub_04(d) | Found EMDS 14865 | -5/Hub_04(d) | Found Exp. EM Shield 14875 | -5/Hub_04(d) | Garrison activated, responded to threat 14908 | -5/Hub_04(d) | Discovered new exit (range 10) 14912 | -5/Hub_04(d) | Entered Factory 14912 | -4/Factory | Evolved 2 slots: Power x1, Utility x1 15420 | -4/Factory | X0-1V1 activates XOMVISION 15662 | -4/Factory | First assault squad dispatched 15713 | -4/Factory | X0-1V1 sent you to a vault 16234 | -4/Factory | Build established: Construct 16237 | -4/Factory | Discovered new exit (range 12) 16292 | -4/Factory | X0-1V1 enhanced Transport squad support 16296 | -4/Factory | X0-1V1 activates XOMVISION 16306 | -4/Factory | Entered Research 16306 | -3/Research | Evolved 2 slots: Utility x2 16437 | -3/Research | Identified exit to DSF 16476 | -3/Research | Spotted B-86 Titan 16476 | -3/Research | X0-1V1 sent you into danger 16481 | -3/Research | Discovered new exit (range 5) 16506 | -3/Research | Revision forces began assault on 0b10 16508 | -3/Research | Identified exit to Testing 16510 | -3/Research | Destroyed B-86 Titan 16546 | -3/Research | Discovered new exit (range 5) 16637 | -3/Research | X0-1V1 sent you to a vault 16693 | -3/Research | Build established: Scavenger-Construct 16714 | -3/Research | Lost 3 allies 16719 | -3/Research | Weapon slot count temporarily expanded by X0-1V1 (+4) 16721 | -3/Research | Identified Smartbomb Launcher 16806 | -3/Research | Found Fusion Bomb Launcher 16888 | -3/Research | Met up with Revision 17++ 17005 | -3/Research | X0-1V1 mutated your Weapon slot to Propulsion slot 17006 | -3/Research | Research terminal network offline 17149 | -3/Research | Entered Testing 17307 | -3/Testing | X0-1V1 added 0b10 threat records associated with you (major) 17377 | -3/Testing | Fabricated Lgt. Quantum Reactor (x2) 17417 | -3/Testing | Spotted PL-RFYUTAJMHS 17452 | -3/Testing | Destroyed PL-RFYUTAJMHS 17452 | -3/Testing | X0-1V1 announced a LAN party 17595 | -3/Testing | Weapon slot count temporarily expanded by X0-1V1 (+4) 17605 | -3/Testing | System corruption reached 10% 18029 | -3/Testing | Garrison activated, responded to threat 18058 | -3/Testing | Found Prototype Device 18058 | -3/Testing | Identified Exp. Thermal Shield 18161 | -3/Testing | Discovered new exit (range 13) 18183 | -3/Testing | Entered Research 18183 | -2/Research | Evolved 1 slot: Utility x1 18257 | -2/Research | X0-1V1 sent you to a vault 18269 | -2/Research | X0-1V1 released a cloud of subatomizers 18469 | -2/Research | Spotted B-90 Cyclops 18500 | -2/Research | Found Corrupted Quantum Capacitor 18643 | -2/Research | X0-1V1 added 0b10 threat records associated with you (minor) 18702 | -2/Research | X0-1V1 sent hostile X-82 Rainmaker (x2) 18730 | -2/Research | Discovered new exit (range 10) 18793 | -2/Research | X0-1V1 activates XOMVISION 18895 | -2/Research | Identified exit to Access 18895 | -2/Research | X0-1V1 revealed exit location to -1/Access 18933 | -2/Research | First assault squad dispatched 19109 | -2/Research | X0-1V1 announced a LAN party 19330 | -2/Research | Sterilization system engaged 19330 | -2/Research | Non-combat units ordered to evacuate 19353 | -2/Research | X0-1V1 sent allied X-87 Electro (x5) 19382 | -2/Research | Lost 3 parts (1n1u1w) 19404 | -2/Research | Lost 4 allies 19430 | -2/Research | Combat units ordered to evacuate 19630 | -2/Research | Ambient heat levels rising (+10) 19642 | -2/Research | Found Prototype Launcher 19642 | -2/Research | Identified Enh. Gamma Bomb Array 19677 | -2/Research | Found Adv. Force Booster 19701 | -2/Research | Build established: Scavenger-Mutant 19780 | -2/Research | Ambient heat levels rising (+10) 19930 | -2/Research | Ambient heat levels rising (+10) 20080 | -2/Research | Ambient heat levels rising (+10) 20126 | -2/Research | X0-1V1 activates XOMVISION 20174 | -2/Research | Adv. Phase Shifter reconfigured into Item Mimic 20230 | -2/Research | Ambient heat levels rising (+10) 20380 | -2/Research | Ambient heat levels rising (+10) 20398 | -2/Research | X0-1V1 added 0b10 threat records associated with you (major) 20484 | -2/Research | X0-1V1 added 0b10 threat records associated with you (major) 20530 | -2/Research | Ambient heat levels rising (+10) 20680 | -2/Research | Ambient heat levels rising (+10) 20717 | -2/Research | Identified exit to Quarantine 20717 | -2/Research | X0-1V1 revealed exit location to -2/Quarantine 20820 | -2/Research | X0-1V1 activates XOMVISION 20830 | -2/Research | Ambient heat levels rising (+10) 20850 | -2/Research | Core integrity fell below 50% 20903 | -2/Research | Core integrity fell below 20% 20908 | -2/Research | Core melted Last Messages --------------- 20871_ Overheating: Core damaged (-112). 20872_ Overheating: Adv. Phase Shifter damaged (-2). 20872_ Overheating: Adv. Heat Sink damaged (-13). 20872_ Overheating: X0-1V1's Piety Tracker damaged (-1). 20876_ Overheating: Matter decay (-26). 20878_ Power failure, Quantum-Antimatter Reactor shutdown. 20880_ Overheating: Energy bleed (-65). 20881_ Overheating: Energy bleed (-47). 20883_ Overheating: Imp. Particle Charger damaged (-1). 20885_ Overheating: Matter decay (-17). 20887_ Overheating: Arm. Scrap Engine damaged (-31). 20889_ Overheating: Energy bleed (-57). 20890_ Power failure, Quantum-Antimatter Reactor shutdown. 20896_ Overheating: Energy bleed (-52). 20900_ Overheating: Arm. Scrap Engine damaged (-12). 20903_ Overheating: Core damaged (-201). 20903_ X0-1V1 is interested. 20904_ Power failure, Quantum-Antimatter Reactor shutdown. 20908_ Overheating: Core damaged (-123). 20908_ X0-1V1 laughs nastily! Map ----- +----------------------------------------------------+ | #### ##""####### ###### ######## | | # | | # # | | # | | # ## | | # ## #### ## ## ## | | #? ???# ## ?# | | # # ## ###### ###### ## ## | | ### | | ## # # | | ## # # | | ## ## | | ###### # ####### ######## ## # # | | # ###????# # # | | # ######## # # # | | # # # # | | # # # ## " # | | # # ########"############# | | # # #??????###???????????? | | ############# # #????????????????????? | | # ######; ####????????????????????? | | # #??????????????????????? | | "" # #??????????????????????? | | "" #????????>?????????????? | | "" # #??????????????????????? | | T @#??????????????????????? | | " ## #??????????????????????? | | " ## " #??????????????????????? | | "" ## #??????????????????????? | | ## #??????????????????????? | | ## #??????????????????????? | | ########## #??????????????????????? | | # ###########????????# #??????????????????????? | | #????????????????# #??????????????????????? | | #????????????????# #??????????????????????? | | #????????????????# #??????????????????????? | | #????????????????# ??????????????????????? | | #????????????????# ??????????????????????? | | #????????????????# ??????????????????????? | | #####????????????????# ??????????????????????? | | ???????????????????????" ???????????????????????? | | ?????????????????????????????????????????????????? | | ?????????????????????????????????????????????????? | | ##???????????????????????????????????????????????? | | #???????????????????????????????????????????????? | | #???????????????????????????????????????????????? | | #???????????????????????????????????????????????? | | #???????????????????????????????????????????????? | | ##########??????????????????????????????????????? | | # ###????????????????????????????????????? | +----------------------------------------------------+ Best States ------------- Heat Dissipation 115 Energy Generation 96 Energy Capacity 2793 Matter Stores 1400 Matter Capacity 1400 Sight Range 22 Terrain Scan Density 10 Power Amplification 40 EM Shielding 4 Armor Coverage 900 Resistance: KI 24 Resistance: TH 30 Resistance: EM 100 Point Defense Rating 160 Weapon Cycling 20 Phase Shifting 15 Evasion (%) 70 Targeting Accuracy 12 Recoil Reduction 5 Particle Charging 20 Item Schematics ----------------- None Robot Schematics ------------------ None Fabricated ------------ Lgt. Quantum Reactor | x2 | -3/Testing | Preloaded Repaired ---------- Shotgun | 25% | -10/Materials Shotgun | 49% | -10/Materials Hrd. Medium Armor Plating | 32% | -6/Factory Studied --------- Shotgun | -8/Materials | Hacked Deuterium Engine | -8/Materials | Hacked Imp. Aluminum Leg | -8/Materials | Hacked VSS Leg | -8/Materials | Hacked Beam Cannon | -8/Materials | Hacked Hvy. Assault Rifle | -8/Materials | Hacked Field Laser | -8/Materials | Hacked Beam Rifle | -8/Materials | Hacked Alien Tech Used ----------------- None Achievements -------------- Superinsulated Challenges ------------ Scavenger Game ------ Seed PointTransportPower Manual? 0 Play Time 03:32:03 Cumulative 495.2 hours Start 2026.07.18 @ 05:56:07 End 2026.07.18 @ 09:25:54 Sessions 1 Manual Loads 0 Difficulty Rogue Special Mode None Game No. 250 Rogue 250 Adventurer 0 Explorer 0 Win Type - Total 14 Types 9/0/2/0/0/0/0/1/0/2 Lore% 85 Gallery% 80 Achievement% 68 Wizard Run 0 Options --------- Layout 0 ASCII 0 Keyboard 0 Movement Mouse Keybinds 0 Fullscreen 1 Font 18/SmallcapsGlow Map View 76x50 Zoom Use 0% Tactical HUD 1 Map Filters NONE Filters NONE Steam 1 RUN: e1d414b9-170a-4d21-a7fb-2192d77c1c3e